 Dungeon Crawl Stone Soup version 0.29.1-12-g30fa7ad0bf (webtiles) character file.

Game seed: 14942726638124554553

17 cheesebisquit the Digger (level 2, -3/15 HPs)
             Began as a Gargoyle Earth Elementalist on Jan 12, 2023.
             Slain by Natasha (5 damage)
             ... on level 2 of the Dungeon.
             The game lasted 00:05:24 (999 turns).

cheesebisquit the Digger (GrEE)                      Turns: 999, Time: 00:05:25

Health: -3/15      AC:  4    Str: 11    XL:     2   Next: 62%
Magic:  3/5        EV: 11    Int: 15    God:
Gold:   62         SH:  0    Dex: 10    Spells: 5/6 levels left

rFire   . . .      SeeInvis .   l - +0 club
rCold   . . .      Faith    .   (no shield)
rNeg    + . .      Spirit   .   a - +0 robe
rPois   ∞          Reflect  .   (no helmet)
rElec   +          Harm     .   (no cloak)
rCorr   .          Rampage  .   (no gloves)
Will    .....                   (no boots)
Stlth   ++........              (no amulet)
HPRegen 0.05/turn               (no ring)
MPRegen 0.09/turn               (no ring)

@: no status effects
A: sickness immunity, AC +2, negative energy resistance 1, electricity
resistance, torment resistance 1, petrification resistance
a: no special abilities


You were on level 2 of the Dungeon.
You visited 1 branch of the dungeon, and saw 2 of its levels.

You collected 62 gold pieces.

Inventory:

Hand Weapons
 l - a +0 club (weapon)
Missiles
 g - 17 stones
 k - 4 poisoned darts
Armour
 a - a +0 robe (worn)
 n - a +0 leather armour
Scrolls
 d - 2 scrolls of identify {unknown}
 f - a scroll of noise {unknown}
 h - 2 scrolls of fear {unknown}
 o - a scroll of teleportation {unknown}
Potions
 c - a potion of curing {unknown}
 e - a potion of lignification {unknown}
 i - a potion of mutation {unknown}
 j - a potion of might {unknown}
 m - 2 potions of degeneration {unknown}


   Skills:
 - Level 1.5 Dodging
 - Level 2.1 Stealth
 + Level 2.5 Spellcasting
 - Level 0.7 Transmutations
 + Level 4.2 Earth Magic


You had 5 spell levels left.
You knew the following spells:

 Your Spells              Type           Power      Damage    Failure   Level
a - Sandblast             Erth           28%        2d8       3%          1

Your spell library contained the following spells:

 Spells                   Type           Power      Damage    Failure   Level
 Passwall                 Tmut/Erth      7%         N/A       12%         2
 Stone Arrow              Conj/Erth      16%        3d8       26%         3
 Ignite Poison            Fire/Tmut/Pois 2%         N/A       50%         3
 Mephitic Cloud           Conj/Pois/Air  1%         N/A       54%         3
 Petrify                  Tmut/Erth      9%         N/A       58%         4
 Freezing Cloud           Conj/Ice/Air   0%         6-21      99%         5


Dungeon Overview and Level Annotations

Branches:
Dungeon (2/15)

Altars:

Annotations:
D:2 Natasha


Innate Abilities, Weirdness & Mutations

You are immune to sickness and miasma.
Your stone body is resilient. (AC +2)
You are immune to poison.
You resist negative energy. (rN+)
You are resistant to electric shocks. (rElec)
You are resistant to unholy torment.
You are immune to petrification.


Message History

Natasha wildly gestures.
Natasha glows brightly for a moment.
The hobgoblin attacks as you move away! The hobgoblin hits you.
Natasha casts a spell at you. The magic dart hits you!
Ouch! That really hurt!
* * * LOW HITPOINT WARNING * * *
The hobgoblin attacks as you move away!
The hobgoblin hits you but does no damage.
Natasha casts a spell.
There is an open door here.
Natasha mewls in sadness.
Natasha mumbles some strange words.
The hobgoblin attacks as you move away! The hobgoblin barely misses you.
The hobgoblin attacks as you move away!
The hobgoblin hits you but does no damage.
The hobgoblin attacks as you move away! The hobgoblin hits you.
* * * LOW HITPOINT WARNING * * *
Magic courses through your body. The hobgoblin barely misses you.
The shadow imp laughs crazily.
As you open the door, it creaks loudly! The hobgoblin closely misses you.
The shadow imp attacks as you move away!
The shadow imp misses you.
There is an open door here.
Natasha mumbles some strange words.
The shadow imp lashes its tail.
The crimson imp grinds its teeth.
You are too injured to fight recklessly!
Aiming: Sandblast (safe; 3% risk of failure)
Press: ? - help, Q - select action, (/) - cycle Shift-Dir - straight line, f/p - hobgoblin
Aim: a hobgoblin (82% to hit)
The blast of sand hits the hobgoblin!
You kill the hobgoblin!
Aiming: Sandblast (safe; 3% risk of failure)
Press: ? - help, Q - select action, (/) - cycle Shift-Dir - straight line, f - Natasha
Aim: Natasha (77% to hit)
The blast of sand misses Natasha.
The blast of sand hits the shadow imp.
The shadow imp is moderately wounded.
Natasha barely misses you. Natasha claws you.
You die...

#.# ... ..#... ... .$#.##+#
#.. .......# #.#####
#.#.####.#.....# #..#
#r#h.... #.....# ##..#
#.#... +.....# ....#
#.#.######....5#########...#
.........'...55h@......#...#
#.#.######..>..#######.#...#
..#.# #......# #...#
###.######......# #.<.#
#......'......# #...#
######.#......# #...#
#.#......# #...# #.######...
#...# #.....# .########...#


You could see Natasha, a crimson imp (summoned) and 2 shadow imps.

Vanquished Creatures
  3 endoplasms (D:1)
  3 hobgoblins
  A quokka (D:2)
  2 ball pythons (D:1)
  A bat (D:1)
  A frilled lizard (D:1)
  3 goblins (D:1)
  3 kobolds (D:1)
17 creatures vanquished.

Notes
Turn   | Place    | Note
-------+----------+-------------------------------------------
     0 | D:1      | cheesebisquit the Gargoyle Earth Elementalist began the
                  | quest for the Orb.
     0 | D:1      | Reached XP level 1. HP: 10/10 MP: 3/3
   283 | D:1      | Reached XP level 2. HP: 15/15 MP: 3/5
   286 | D:1      | Reached skill level 4 in Earth Magic
   973 | D:2      | Noticed Natasha
   988 | D:2      | Noticed a crimson imp
   999 | D:2      | Slain by Natasha

Illustrated notes

Levels and vault maps discovered:
D:1:      amcnicky_arrival_abandoned_market, layout_basic
D:2:      layout_basic, serial_shops, shop, uniq_natasha

Skill      XL: |  1  2 |
---------------+-------+-----
Earth Magic    | 4 |  4.2
Dodging        | |  1.5
Stealth        | |  2.1
Spellcasting   | |  2.5
Transmutations | |  0.7

Action                   || total
-------------------------++-------
 Cast: Sandblast         ||    23
  Use: Potion            ||     1
Armor: Robe              ||     2
Dodge: Dodged            ||     5
